 Seeded DCSS version 0.24-a0-353-gff863c2 (webtiles) character file.

Game seed: 6129897170065281523

2368 Anathematize the Ruffian (level 9, 47/47 HPs)
             Began as a Vine Stalker Transmuter on May 21, 2019.
             Was a Priest of Okawaru.
             Quit the game on level 8 of the Dungeon on May 23, 2019.
             The game lasted 00:39:56 (7167 turns).

Anathematize the Ruffian (Vine Stalker Transmuter)  Turns: 7167, Time: 00:39:56

Health: 47/47      AC: 14    Str: 16    XL:     9   Next: 44%
Magic:  12/13      EV: 10    Int: 13    God:    Okawaru [***...]
Gold:   84         SH:  0    Dex: 18    Spells: 9/12 levels left

rFire    . . .     SeeInvis .     - Unarmed
rCold    . . .     Gourm    .   (no shield)
rNeg     . . .     Faith    .   y - +2 scale mail of Curiosity {Dex+3}
rPois    .         Spirit   +   f - +1 helmet
rElec    .         Reflect  .   z - +0 cloak
rCorr    .         Harm     .   v - +2 pair of gloves {archery}
MR       +....                  (boots currently unavailable)
Stlth    ..........             o - amulet of rage
HPRegen  0.55/turn              (no ring)
MPRegen  0.13/turn              (no ring)

@: appendage
A: fangs 3, talons 3, regeneration 1, magic shield, antimagic bite, no potion
heal 3, rot immunity
a: End Transformation, Heroism, Renounce Religion, Evoke Berserk Rage


You were on level 8 of the Dungeon.
You worshipped Okawaru.
Okawaru was most pleased with you.
You were not hungry.
You had grown temporary talons.
You visited 2 branches of the dungeon, and saw 9 of its levels.

You collected 462 gold pieces.
You spent 378 gold pieces at shops.

Inventory:

Hand Weapons
 i - a +3 dagger of venom
Missiles
 a - 79 arrows
 j - 6 atropa-tipped darts
 u - 23 poisoned darts (quivered)
Armour
 f - a +1 helmet (worn)
 n - a +0 shield
 v - a +2 pair of gloves of archery (worn)
 y - the +2 scale mail of Curiosity (worn) {Dex+3}
   (You bought it in a shop on level 6 of the Dungeon)

   It affects your dexterity (+3).
 z - a +0 cloak (worn)
Jewellery
 e - the ring "Caascheod" {Fire rN+ Int+6}
   (You found it on level 5 of the Dungeon)

   [ring of fire]

   It enhances your fire magic.
   It affects your intelligence (+6).
   It protects you from fire.
   It makes you vulnerable to cold.
   It protects you from negative energy.
 o - an amulet of rage (around neck)
Wands
 s - a wand of random effects (15)
 A - a wand of digging (1)
Scrolls
 b - 2 scrolls of teleportation
 k - a scroll of fear
 l - a scroll of enchant weapon
 r - 2 scrolls of remove curse
Potions
 g - a potion of cancellation {unknown}
 h - 2 potions of lignification
 m - 2 potions of magic {unknown}
 p - 3 potions of curing
 q - 4 potions of brilliance
 t - 2 potions of agility {unknown}
 w - a potion of resistance {unknown}
 x - 3 potions of heal wounds {unknown}
Comestibles
 d - 18 rations


   Skills:
 + Level 5.3 Fighting
 - Level 2.0 Armour
 - Level 2.0 Dodging
 - Level 0.5 Stealth
 * Level 5.1 Shields
 + Level 7.8 Unarmed Combat
 - Level 2.1 Spellcasting
 - Level 4.2 Transmutations
 - Level 2.3 Invocations


You had 9 spell levels left.
You knew the following spells:

 Your Spells              Type           Power        Failure   Level  Hunger
a - Beastly Appendage     Tmut           ##....       16%         1    ##.....
b - Sticks to Snakes      Tmut           ##......     24%         2    ###....

Your spell library contained the following spells:

 Spells                   Type           Power        Failure   Level  Hunger
 Spider Form              Tmut/Pois      #.........   75%         3    ####...
 Ice Form                 Ice/Tmut       #.......     98%         4    #####..
 Blade Hands              Tmut           ##........   99%         5    ######.


Dungeon Overview and Level Annotations

Branches:
Dungeon (8/15)             Temple (1/1) D:7
   Lair: D:8-11

Altars:
Ashenzari
Cheibriados
Dithmenos
Elyvilon
Fedhas
Gozag
Hepliaklqana
Kikubaaqudgha
Makhleb
Nemelex Xobeh
Okawaru
Qazlal
Ru
Sif Muna
Trog
Uskayaw
Vehumet
Wu Jian
Xom
Yredelemnul
Zin
The Shining One

Shops:
D:6 [

Annotations:
D:4 1 runed translucent door, exclusion: door, Crazy Yiuf


Innate Abilities, Weirdness & Mutations

You have razor-sharp teeth.
Your natural rate of healing is unusually fast.
When hurt, damage is shared between your health and your magic reserves.
Your bite disrupts and absorbs the magic of your enemies.
Potions cannot restore your health.
You are immune to rotting.
You have claws for feet.


Message History

The iguana bites you but does no damage.
You punch the iguana! You claw the iguana, but do no damage.
You bite the iguana, but do no damage.
The iguana is severely wounded.
The iguana bites you but does no damage.
You barely miss the iguana. Your kick misses the iguana. You bite the iguana.
You drain its power.
You feel invigorated.
The iguana is severely wounded.
The iguana bites you.
You punch the iguana!
You kill the iguana!
Okawaru accepts your kill.
There is a stone staircase leading up here.
Save game and exit?
Welcome back, Anathematize the Vine Stalker Transmuter.
Okawaru says: Bring me glory in combat!
Press ? for a list of commands and other information.
Quiver which item? (- for none, * to show all) (? for menu, Esc to quit)
Okay, then.
Are you sure you want to abandon this character and quit the game? (Confirm with "yes".)

...#. (...
.... ..#
..# #.# #.#
#
#######.#.#
.......@..#
.##########


There were no monsters in sight!

Vanquished Creatures
  A hippogriff (D:5)
  Sigmund (D:4)
  A spriggan (D:7)
  An orc warrior (D:7)
  2 ice beasts
  2 phantoms (D:7)
  2 ogres (D:7)
  2 centaurs (D:7)
  A big kobold (D:7)
  2 bullfrogs
  4 wights
  An orc priest (D:4)
  4 orc wizards
  2 iguanas
  6 worker ants
  A killer bee zombie (D:7)
  2 hound zombies
  Robin (D:3)
  A worker ant zombie (D:5)
  4 gnolls (D:6)
  13 adders
  An ooze (D:3)
  An adder zombie (D:3)
  A worm (D:2)
  3 dart slugs
  5 leopard geckos
  23 orcs
  9 giant cockroaches
  20 goblins
  10 hobgoblins
  12 jackals
  14 kobolds
  3 quokkas
  11 bats
  7 frilled lizards
  A jackal zombie (D:5)
  2 quokka zombies (D:6)
  8 rats
185 creatures vanquished.

Vanquished Creatures (collateral kills)
  A goblin (D:1)
  A kobold (D:1)
2 creatures vanquished.

Vanquished Creatures (others)
  A butterfly (D:7)
1 creature vanquished.

Grand Total: 188 creatures vanquished

Notes
Turn   | Place    | Note
-------+----------+-------------------------------------------
     0 | D:1      | Anathematize the Vine Stalker Transmuter began the quest
                  | for the Orb.
     0 | D:1      | Reached XP level 1. HP: 9/9 MP: 4/4
   118 | D:1      | Reached skill level 1 in Fighting
   160 | D:1      | Reached XP level 2. HP: 14/14 MP: 4/6
   645 | D:1      | Reached XP level 3. HP: 18/18 MP: 5/7
   709 | D:1      | Learned a level 2 spell: Sticks to Snakes
  1283 | D:2      | Gained mutation: Your natural rate of healing is unusually
                  | fast. [Vine Stalker growth]
  1283 | D:2      | Reached XP level 4. HP: 22/22 MP: 8/8
  1561 | D:2      | Found a hide-covered altar of Uskayaw.
  1561 | D:2      | Found an iron altar of Okawaru.
  1561 | D:2      | Found a radiant altar of Vehumet.
  1575 | D:2      | Became a worshipper of Warmaster Okawaru
  1751 | D:2      | Reached skill level 4 in Unarmed Combat
  2081 | D:3      | Upgraded the game from 0.24-a0-342-gad4687c to
                  | 0.24-a0-347-g1a3e1d3
  2206 | D:3      | Found an opulent altar of Gozag.
  2364 | D:3      | Reached XP level 5. HP: 19/26 MP: 3/9
  2560 | D:3      | Reached skill level 1 in Invocations
  3597 | D:4      | Noticed Sigmund
  3630 | D:3      | Reached XP level 6. HP: 5/32 MP: 3/10
  3777 | D:4      | Found a glowing silver altar of Zin.
  3839 | D:4      | Reached skill level 5 in Unarmed Combat
  4059 | D:4      | Noticed Robin
  4080 | D:3      | Killed Robin
  4119 | D:4      | Killed Sigmund
  4119 | D:4      | Reached * piety under Okawaru
  4119 | D:4      | Reached XP level 7. HP: 36/36 MP: 11/11
  4267 | D:4      | Found a runed translucent door.
  4268 | D:4      | Noticed Crazy Yiuf
  4387 | D:5      | Entered Level 5 of the Dungeon
  4474 | D:5      | Got a fine marble ring
  4770 | D:5      | Found a sparkling altar of Nemelex Xobeh.
  4822 | D:5      | Noticed a hippogriff
  4837 | D:5      | Killed a hippogriff
  4837 | D:5      | Reached ** piety under Okawaru
  4837 | D:5      | Reached skill level 1 in Armour
  4837 | D:5      | Reached skill level 6 in Unarmed Combat
  5076 | D:5      | Identified the ring "Caascheod" {Fire rN+ Int+6} (You found
                  | it on level 5 of the Dungeon)
  5405 | D:6      | Gained mutation: You have razor-sharp teeth. [Vine Stalker
                  | growth]
  5405 | D:6      | Reached XP level 8. HP: 39/40 MP: 10/12
  5588 | D:6      | Found Isacaz's Antique Armour Shoppe.
  5607 | D:6      | Bought a pair of glowing gloves for 135 gold pieces
  5607 | D:6      | Bought a steaming scale mail for 162 gold pieces
  5607 | D:6      | Bought a cloak for 81 gold pieces
  5799 | D:7      | Reached skill level 1 in Shields
  5915 | D:7      | Reached skill level 7 in Unarmed Combat
  6041 | D:7      | Reached *** piety under Okawaru
  6174 | D:7      | Reached XP level 9. HP: 46/46 MP: 11/13
  6217 | D:7      | Identified the +2 scale mail of Curiosity {Dex+3} (You
                  | bought it in a shop on level 6 of the Dungeon)
  6425 | D:7      | Reached skill level 5 in Fighting
  6906 | D:7      | Found a staircase to the Ecumenical Temple.
  6913 | Temple   | Entered the Ecumenical Temple
  7091 | D:7      | Reached skill level 5 in Shields
  7167 | D:8      | Upgraded the game from 0.24-a0-347-g1a3e1d3 to
                  | 0.24-a0-353-gff863c2
  7167 | D:8      | Quit the game

Levels and vault maps discovered:
D:1:      lightli_arrival_statuegarden, layout_rooms, serial_forest,
          infiniplex_forest_straight_5, infiniplex_forest_straight_2,
          infiniplex_forest_clump_C, infiniplex_forest_end_2,
          infiniplex_forest_clump_long
D:2:      layout_rooms, chequers_temple_overflow_statue_of_worship,
          minmay_pentomino_t4
D:3:      layout_loops_corners, nicolae_gozag_seed_capital,
          minmay_increasing_density
D:4:      layout_cave_pools, zin_academy, serial_forest,
          infiniplex_forest_clump_medium, infiniplex_forest_clump_double,
          infiniplex_forest_clump_C, infiniplex_forest_clump_small,
          infiniplex_forest_corner_1, first_ration, uniq_sigmund, uniq_robin,
          uniq_crazy_yiuf_cottage
D:5:      layout_cave_pods, nemelex_xobeh_ov_fountains_minmay
D:6:      layout_basic, serial_shops, shop
D:7:      layout_cave_pools, minmay_temple_entry_butterflies, the_bakery,
          chequers_serial_rivers_small_b
D:8:      layout_basic, makhleb_heckhound_becter, uniq_maurice
Temple:   eino_temple_rhombus

Skill      XL: |  1  2  3  4  5  6  7  8  9 |
---------------+----------------------------+-----
Fighting       | 1 2 3 4 5 |  5.3
Unarmed Combat | 4 5 6 7 |  7.8
Transmutations | 3 4 |  4.2
Invocations    | 1 2 |  2.3
Armour         | 1 2 |  2.0
Dodging        | 2 |  2.0
Shields        | 3 5 |  5.1
Stealth        | |  0.5
Spellcasting   | |  2.1

Action                   |  1- 3 |  4- 6 |  7- 9 || total
-------------------------+-------+-------+-------++-------
Melee: Unarmed           |    92 |   249 |   261 ||   602
       Kick              |    12 |    17 |    35 ||    64
       Headbutt          |     4 |    26 |       ||    30
       Bite              |    16 |    64 |    71 ||   151
       Punch             |     2 |     4 |     4 ||    10
Throw: Stone             |     2 |       |       ||     2
       Dart              |       |       |    14 ||    14
 Cast: Beastly Appendage |    28 |    51 |    25 ||   104
       Sticks to Snakes  |     2 |     1 |       ||     3
Invok: Heroism           |       |       |     9 ||     9
 Abil: Evoke Berserk Rag |       |     1 |     7 ||     8
  Use: Scroll            |       |    10 |     6 ||    16
  Eat: Chunk             |     2 |    11 |    11 ||    24
       Ration            |       |       |     2 ||     2
Armor: Robe              |     1 |       |       ||     1
       Scale mail        |    47 |    89 |    84 ||   220
Dodge: Dodged            |    48 |    89 |   129 ||   266
Block: Shield            |       |       |    13 ||    13

Table legend:
 A = Non-vault XP
 B = Vault XP
 C = Vault XP percentage of total XP
 D = Non-vault monster count
 E = Vault monster count
 F = Vault count percentage of total count
                 A         B        C        D         E       F
            +---------+---------+-------+---------+---------+-------
      Total |    2849 |     534 |  15.8 |     165 |      22 |  11.8
            +---------+---------+-------+---------+---------+-------
        D:1 |      42 |       0 |   0.0 |      22 |       0 |   0.0
        D:2 |      72 |       5 |   6.5 |      26 |       3 |  10.3
        D:3 |     186 |      62 |  25.0 |      42 |       8 |  16.0
        D:4 |      97 |     247 |  71.8 |      11 |      10 |  47.6
        D:5 |     301 |       0 |   0.0 |      12 |       0 |   0.0
        D:6 |     568 |       0 |   0.0 |      18 |       0 |   0.0
        D:7 |    1546 |     220 |  12.5 |      33 |       1 |   2.9
        D:8 |      37 |       0 |   0.0 |       1 |       0 |   0.0
            +---------+---------+-------+---------+---------+-------
